Map: Chantier naval orbital

Players

Worming

  • Race: Zerg Zerg
  • League: Diamond

Nemesis - Winner!

  • Race: Zerg Zerg
  • League: Diamond

VOD

Have the link to the VOD?

Description

Time

  • Played on: Dec. 15, 2015, 12:37 p.m.
  • Length: 13:58
Show
View Real Time Build Order
Export as new Build Order

Worming Zerg 

Build Orders: Hatch First 

Get SALT Encoding   

  12  0:01  Drone  
  13  0:12  Overlord  
  13  0:17  Drone  
  14  0:30  Drone x2  
  14  0:34  Drone  
  17  0:51  Hatchery  
  17  0:56  Drone  
  17  1:02  Extractor  
  17  1:04  Drone  
  17  1:15  Spawning Pool  
  17  1:16  Drone  
  17  1:19  Drone  
  18  1:28  Drone  
  19  1:38  Drone  
  20  1:50  Overlord  
  20  2:01  Queen  
  20  2:03  Zergling x2  
  20  2:04  Queen  
  20  2:06  Metabolic Boost, Zergling x2  
  26  2:12  Drone  
  27  2:16  Drone  
  27  2:21  Drone  
  29  2:29  Baneling Nest, Drone  
  29  2:32  Drone  
  29  2:36  Drone  
  31  2:44  Overlord  
  31  2:52  Drone  
  30  3:13  Overlord  
  30  3:14  Zergling x6  
  30  3:15  Zergling x6  
  36  3:24  Evolution Chamber  
  34  3:43  Drone x2  
  34  3:44  Drone x9  
  45  3:48  Hatchery  
  45  3:51  Zerg Missile Weapons Level 1  
  44  3:55  Lair  
  44  4:00  Extractor  
  40  4:23  Baneling x2  
  39  4:28  Drone  
  39  4:29  Drone x8, Overlord  
  39  4:30  Overlord  
  48  4:32  Roach Warren  
  47  4:40  Extractor  
  47  4:42  Extractor  
  44  4:58  Zergling x6  
  47  5:02  Overlord x2  
  47  5:12  Roach x6  
  47  5:14  Queen x2  
  63  5:24  Baneling x2  
  63  5:25  Baneling  
  62  5:35  Roach  
  62  5:38  Zergling x6  
  64  6:04  Roach x3  
  70  6:16  Glial Reconstitution  
  70  6:22  Spine Crawler  
  69  6:30  Zerg Missile Weapons Level 2  
  68  6:34  Drone x12  
  79  6:57  Drone x3  
  79  6:58  Drone  
  81  7:06  Baneling x2  
  80  7:20  Drone x2  
  82  7:27  Overlord x2  
  82  7:30  Extractor  
  82  7:32  Roach x4  
  89  7:44  Infestation Pit  
  89  7:45  Roach x4  
  96  7:56  Roach x2  
  96  7:57  Roach x3  
  106  7:59  Overseer  
  97  8:26  Hive  
  93  8:27  Spore Crawler  
  93  8:28  Spore Crawler  
  93  8:31  Spore Crawler  
  93  8:33  Spore Crawler  
  93  8:34  Spore Crawler, Queen  
  80  8:37  Spore Crawler  
  73  8:51  Drone x13  
  73  8:52  Drone x12  
  98  8:56  Spore Crawler  
  98  9:01  Spore Crawler x2  
  95  9:03  Pneumatized Carapace  
  95  9:12  Extractor  
  88  9:27  Spore Crawler  
  87  9:32  Spore Crawler  
  87  9:36  Spore Crawler x2  
  79  9:43  Overlord x3  
  79  9:45  Overlord x3  
  77  9:53  Spore Crawler  
  77  9:54  Overlord  
  77  9:55  Overlord  
  76  10:01  Queen x2  
  76  10:02  Extractor  
  76  10:04  Viper  
  76  10:05  Viper x3, Extractor  
  90  10:07  Zergling x2, Roach x5  
  90  10:08  Zergling x12  
  90  10:13  Extractor  
  105  10:33  Hydralisk Den  
  97  10:36  Queen x2  
  97  10:41  Zerg Missile Weapons Level 3  
  100  10:43  Zergling x20  
  100  10:49  Extractor  
  109  11:00  Overlord x2  
  109  11:02  Zergling x6  
  109  11:12  Queen  
  109  11:14  Muscular Augments  
  109  11:16  Hydralisk x5  
  121  11:19  Hydralisk  
  121  11:20  Hydralisk x2  
  127  11:27  Hydralisk x5  
  135  11:37  Extractor  
  134  11:42  Roach  
  134  11:43  Roach x2  
  136  11:57  Hatchery  
  136  11:58  Zergling x2, Hydralisk  
  136  11:59  Zergling x20  
  136  12:12  Hydralisk x3  
  96  12:24  Hydralisk x3  
  96  12:37  Drone x2  
  96  12:38  Drone x3  
  96  12:39  Drone  
  100  12:44  Hydralisk x2  
  100  12:45  Roach x2, Hydralisk  
  83  13:13  Hydralisk  
  83  13:14  Hydralisk x3  
  83  13:15  Zergling x22  
Show
View Real Time Build Order
Export as new Build Order

Nemesis Zerg - Winner!

Build Orders: Pool First, Muta Ling Bane 

Get SALT Encoding   

  12  0:02  Drone  
  13  0:08  Drone  
  14  0:17  Overlord  
  14  0:27  Extractor  
  14  0:28  Drone  
  15  0:36  Drone x2  
  17  0:45  Spawning Pool  
  17  0:48  Drone  
  17  0:58  Drone, Extractor  
  17  1:17  Hatchery  
  16  1:18  Drone  
  16  1:25  Drone  
  18  1:33  Queen  
  20  1:41  Overlord  
  20  1:46  Drone  
  21  1:49  Drone  
  22  2:01  Drone  
  23  2:04  Metabolic Boost  
  23  2:09  Queen  
  23  2:13  Zergling x2  
  26  2:28  Overlord  
  26  2:29  Drone  
  27  2:40  Baneling Nest  
  27  2:41  Drone x2  
  28  2:46  Drone x3  
  28  2:47  Drone  
  32  2:52  Drone  
  33  3:11  Drone x2  
  33  3:12  Drone  
  36  3:14  Drone  
  37  3:21  Drone x3  
  40  3:30  Drone x2  
  41  3:35  Zergling x4  
  41  3:40  Extractor  
  42  3:47  Zergling x2  
  43  3:52  Zergling x2  
  43  3:54  Overlord x2  
  44  3:59  Baneling x4  
  44  4:07  Queen  
  42  4:12  Queen  
  45  4:24  Drone x7  
  50  4:39  Hatchery  
  50  4:40  Zergling x4, Extractor  
  50  4:46  Extractor  
  48  4:59  Zergling x2  
  49  5:00  Zergling x6  
  52  5:12  Lair  
  52  5:14  Drone x2  
  54  5:25  Zergling x2  
  54  5:26  Zergling x2  
  55  5:37  Zergling x2  
  55  5:38  Zergling x6  
  53  5:52  Zergling x6  
  53  5:53  Zergling x6  
  57  6:00  Drone  
  57  6:02  Queen  
  57  6:03  Drone x3  
  63  6:10  Hatchery  
  62  6:14  Drone x3  
  63  6:29  Drone x2  
  63  6:30  Drone x4  
  63  6:32  Drone  
  66  6:39  Overlord x4  
  65  6:40  Overlord  
  65  6:43  Spire  
  59  7:17  Zergling x2  
  59  7:18  Zergling x26  
  59  7:19  Centrifical Hooks  
  73  7:27  Extractor  
  73  7:28  Extractor  
  71  7:31  Queen  
  73  7:56  Mutalisk  
  73  7:57  Mutalisk x14  
  92  8:18  Mutalisk  
  92  8:19  Mutalisk x2  
  86  8:53  Mutalisk x3  
  92  8:57  Zergling x20  
  92  8:58  Zergling x4  
  104  9:23  Drone  
  104  9:24  Drone x7  
  112  9:45  Overlord  
  112  9:46  Overlord x6  
  112  9:56  Extractor  
  111  10:03  Queen  
  113  10:21  Hatchery  
  112  10:38  Zergling x2  
  112  10:39  Zergling x10  
  112  10:41  Drone  
  112  10:42  Drone x13  
  132  10:46  Zerg Flyer Weapons Level 1  
  132  10:49  Evolution Chamber  
  131  10:50  Queen  
  131  10:51  Evolution Chamber  
  131  10:52  Infestation Pit  
  131  10:54  Overlord x4  
  131  11:01  Mutalisk x2  
  135  11:10  Overseer  
  135  11:12  Mutalisk x2  
  135  11:13  Mutalisk x4  
  145  11:40  Queen  
  145  11:42  Zerg Melee Weapons Level 1  
  145  11:43  Zerg Ground Armor Level 1  
  147  11:50  Roach Warren  
  146  12:01  Baneling x7  
  146  12:02  Baneling x3  
  123  12:20  Zergling x10  
  123  12:21  Zergling x38  
  137  12:29  Extractor  
  126  12:30  Extractor  
  126  12:36  Mutalisk  
  123  12:37  Mutalisk x4  
  128  12:56  Mutalisk  
  128  12:57  Mutalisk x11  
  150  13:04  Mutalisk  
  150  13:05  Mutalisk  
  152  13:09  Zergling x12  
  152  13:10  Zergling x8  
  157  13:25  Baneling x2  
  157  13:26  Baneling x5, Mutalisk  
  153  13:27  Mutalisk  
  153  13:29  Zergling x12  
Tags
 
Add a new tag
Caveats
  • Supply blocks, unpowered buildings, or Contaminate may cause inaccurate times.
  • Supply counts are checked every 10 seconds.